[Event "Titled Tuesday Blitz February 22 Late 2022"]
[White "Tregubov, Pavel V."]
[Black "Chigaev, Maksim"]
[WhiteFideId "4115341"]
[BlackFideId "4108116"]
[WhiteElo "2341"]
[BlackElo "2502"]
[Result "0-1"]
[Round "04"]
[TimeControl "180+1"]
[Date "2022.02.22"]
[WhiteClock "0:00:02"]
[BlackClock "0:00:18"]

1. e4 e5 2. Nf3 Nc6 3. Bb5 a6 4. Ba4 Nf6 5. d4 exd4 6. O-O Be7 7. e5 Ne4 8. Nxd4 O-O 9. Nf5 d5 10. Nxe7+ Nxe7 11. c3 Nc5 12. Bc2 Bf5 13. Na3 Qd7 14. Be3 Ne6 15. Qe2 c5 16. Rad1 Qc6 17. f4 Rad8 18. g4 Bxc2 19. Nxc2 d4 20. cxd4 cxd4 21. Nxd4 Qe4 22. Qf3 Qxf3 23. Nxf3 Nd5 24. Kf2 Ndxf4 25. Bxf4 Nxf4 26. Ke3 Ne6 27. Rd6 Rc8 28. Rfd1 Rfe8 29. a4 h6 30. h3 Rc4 31. Rb6 Rxa4 32. Rxb7 Nc5 33. Rc7 Re4+ 34. Kf2 Ne6 35. Ra7 Rb8 36. Rd2 Rf4 37. Kg2 Rb3 38. Nh4 g6 39. Rxa6 Kg7 40. Rad6 h5 41. Kg1 Rxh3 42. Ng2 Rxg4 43. Rf2 Ng5 44. Kf1 Ne4 0-1


[Site "https://www.chess.com"]

[Event "Titled Tuesday Blitz February 22 Late 2022"]
[White "Urazayev, Arystanbek"]
[Black "Novikov, Evgenij"]
[WhiteFideId "13709810"]
[BlackFideId "4125380"]
[WhiteElo "2321"]
[BlackElo "2242"]
[Result "0-1"]
[Round "04"]
[TimeControl "180+1"]
[Date "2022.02.23"]
[WhiteClock "0:00:56"]
[BlackClock "0:01:01"]

1. Nf3 d6 2. c4 Nf6 3. Nc3 g6 4. g3 Bg7 5. Bg2 O-O 6. d4 c6 7. O-O Qa5 8. Nd2 e5 9. Nb3 Qc7 10. d5 a5 11. dxc6 bxc6 12. Nb5 cxb5 13. Bxa8 bxc4 14. Nd2 d5 15. e4 Bh3 16. exd5 Na6 17. Bc6 Nb4 18. Re1 Nxc6 19. dxc6 Qxc6 20. Qf3 Qc5 21. Ne4 Nxe4 22. Qxe4 f5 23. Qb7 f4 24. gxf4 exf4 25. Qf3 Qg5+ 26. Kh1 Bg4 27. Qg2 Qh5 28. Kg1 Bf3 29. Re5 Rf5 30. Rxf5 gxf5 31. Bxf4 Bxg2 32. Kxg2 Qg4+ 33. Bg3 Qe4+ 34. Kg1 f4 35. f3 Qxf3 36. Bf2 Qg4+ 0-1


[Site "https://www.chess.com"]

[Event "Titled Tuesday Blitz February 22 Late 2022"]
[White "Van Foreest, Jorden"]
[Black "Kobo, Ori"]
[WhiteFideId "1039784"]
[BlackFideId "2812320"]
[WhiteElo "2609"]
[BlackElo "2420"]
[Result "1-0"]
[Round "04"]
[TimeControl "180+1"]
[Date "2022.02.22"]
[WhiteClock "0:00:25"]
[BlackClock "0:00:02"]

1. e4 c5 2. Nf3 e6 3. b3 Nc6 4. Bb2 Nf6 5. e5 Ng4 6. h3 Nh6 7. Bb5 Qc7 8. O-O Nf5 9. Bxc6 Qxc6 10. Re1 b6 11. Nc3 Bb7 12. Ne4 Be7 13. c4 O-O-O 14. Qe2 h5 15. b4 g5 16. b5 Qc7 17. Nd6+ Kb8 18. Nxb7 Qxb7 19. Qe4 Qc7 20. a4 g4 21. hxg4 hxg4 22. Qxg4 Rdg8 23. Qe4 Nh4 24. g3 Nf5 25. a5 Qb7 26. axb6 axb6 27. Ra6 Qxe4 28. Rxe4 Bd8 29. d4 cxd4 30. Nxd4 Nxg3 31. fxg3 Rxg3+ 32. Kf2 Rd3 33. Nf3 Rb3 34. Bd4 Rh3 35. Re3 Rb4 36. Rea3 Rxc4 37. Ra8+ 1-0


[Site "https://www.chess.com"]

[Event "Titled Tuesday Blitz February 22 Late 2022"]
[White "Vidit, Santosh Gujrathi"]
[Black "Lodici, Lorenzo"]
[WhiteFideId "5029465"]
[BlackFideId "884189"]
[WhiteElo "2654"]
[BlackElo "2265"]
[Result "1/2-1/2"]
[Round "04"]
[TimeControl "180+1"]
[Date "2022.02.22"]
[WhiteClock "0:00:07"]
[BlackClock "0:00:04"]

1. d4 d5 2. c4 e6 3. Nc3 Bb4 4. a3 Bxc3+ 5. bxc3 c6 6. e3 b6 7. a4 Ba6 8. Ba3 Bxc4 9. Bxc4 dxc4 10. Nf3 Qd5 11. O-O Nd7 12. Nd2 Ngf6 13. Qc2 c5 14. e4 Qc6 15. Nxc4 O-O 16. Nd2 Rfd8 17. Rac1 Rac8 18. Qb1 Qxa4 19. Bb2 c4 20. f4 a5 21. Nf3 Qc6 22. Rce1 b5 23. Ba3 b4 24. cxb4 Rb8 25. b5 Rxb5 26. Qc2 Rb3 27. Be7 Re8 28. Bxf6 Nxf6 29. Ne5 Qb6 30. Qxc4 Rb4 31. Qc5 a4 32. Qxb6 Rxb6 33. Ra1 Ra6 34. Ra3 Nxe4 35. Rfa1 Rea8 36. Nd3 f6 37. Nc5 Nxc5 38. dxc5 Kf7 39. c6 Ke7 40. c7 Kd7 41. Rc3 Rc8 42. Rc4 a3 43. Rc3 a2 44. Rc2 Rxc7 45. Rcxa2 Rxa2 46. Rxa2 Kd6 47. Kf2 Kd5 48. Rd2+ Ke4 49. Re2+ Kf5 50. g3 h5 51. Kg2 h4 52. Kh3 g5 53. fxg5 hxg3 54. gxf6 gxh2 55. Rf2+ Kg6 56. Kxh2 Kf7 57. Kg3 Rc5 58. Kg4 Rc4+ 59. Kg3 Rc5 60. Kg4 Rc4+ 61. Kg3 Rc5 1/2-1/2


[Site "https://www.chess.com"]

[Event "Titled Tuesday Blitz February 22 Late 2022"]
[White "Virtanen, Teemu"]
[Black "Peterson, Eric"]
[WhiteFideId "509850"]
[BlackFideId "14908395"]
[WhiteElo "1926"]
[BlackElo "2195"]
[Result "1-0"]
[Round "04"]
[TimeControl "180+1"]
[Date "2022.02.23"]
[WhiteClock "0:00:06"]
[BlackClock "0:00:15"]

1. c4 e6 2. Nc3 d5 3. e3 Nf6 4. Nf3 c5 5. cxd5 Nxd5 6. Qc2 Nc6 7. a3 Be7 8. b3 O-O 9. Bb2 b6 10. Be2 Bb7 11. O-O Rc8 12. Rfd1 Qc7 13. Ne4 h6 14. Rac1 Rfd8 15. Qb1 Qb8 16. Qa1 Bf8 17. Ng3 Rd7 18. Nh5 f6 19. Ng3 Nce7 20. Qa2 Qd6 21. d4 Nf5 22. Ne4 Qb8 23. dxc5 bxc5 24. Bc4 Nd6 25. Nxd6 Rxd6 26. Rd2 Rcd8 27. Rcd1 Kh8 28. Qb1 Qc7 29. Nh4 R8d7 30. Ng6+ Kg8 31. Nxf8 Kxf8 32. Qh7 Kf7 33. Bd3 Ne7 34. Bc3 Qc6 35. Bf1 Rxd2 36. Rxd2 Rxd2 37. Bxd2 Qe4 38. Qxe4 Bxe4 39. f3 Bc2 40. b4 cxb4 41. axb4 Nd5 42. e4 Nb6 43. Kf2 Ke7 44. Be3 Kd6 45. Bc5+ Kc6 46. Bf8 g6 47. Bxh6 Nd7 48. Be3 Kb7 49. Bd4 e5 50. Be3 Nb6 51. Bc5 Nd7 52. Be7 a6 53. Bc4 Ba4 54. h4 Bc6 55. Ke3 f5 56. Bf7 f4+ 57. Kf2 Nb6 58. Bxg6 Nc4 59. h5 Nb6 60. h6 Nd7 61. h7 1-0


[Site "https://www.chess.com"]

[Event "Titled Tuesday Blitz February 22 Late 2022"]
[White "Vovk, Orest"]
[Black "Niemann, Hans Moke"]
[WhiteFideId "14113490"]
[BlackFideId "2093596"]
[WhiteElo "2203"]
[BlackElo "2636"]
[Result "0-1"]
[Round "04"]
[TimeControl "180+1"]
[Date "2022.02.22"]
[WhiteClock "0:01:01"]
[BlackClock "0:01:12"]

1. h4 Nf6 2. h5 e5 3. d4 exd4 4. Qxd4 Nc6 5. Qa4 d5 6. h6 g6 7. Bg5 Be7 8. Qh4 Bf5 9. Na3 Ne4 10. Bxe7 Qxe7 11. Qxe7+ Nxe7 12. e3 O-O-O 13. Nb5 a6 14. Nd4 Bd7 15. Bd3 Nd6 16. O-O-O c5 17. Ndf3 f6 18. c3 Rhe8 19. Ne2 Be6 20. Nf4 Bf7 21. Bc2 Ne4 22. Bxe4 dxe4 23. Rxd8+ Rxd8 24. Nd2 f5 25. b3 Nc6 26. g4 Ne5 27. gxf5 gxf5 28. Rg1 Rxd2 29. Rg7 Rxf2 30. Rxh7 Rh2 31. Rh8+ Kd7 32. h7 Nd3+ 33. Kb1 Nxf4 34. exf4 Bg6 35. Rb8 Bxh7 36. Rxb7+ Kd6 37. Rb6+ Kd5 38. Rxa6 e3 39. c4+ Ke4 40. Re6+ Kxf4 41. a4 Kf3 42. a5 f4+ 43. Kc1 Be4 44. a6 e2 45. Kd2 Rh1 46. Rxe4 Rd1+ 0-1


[Site "https://www.chess.com"]

[Event "Titled Tuesday Blitz February 22 Late 2022"]
[White "Wachinger, Guenther"]
[Black "Hakobyan, Aram"]
[WhiteFideId "4604261"]
[BlackFideId "13306677"]
[WhiteElo "2212"]
[BlackElo "2557"]
[Result "0-1"]
[Round "04"]
[TimeControl "180+1"]
[Date "2022.02.23"]
[WhiteClock "0:00:09"]
[BlackClock "0:00:16"]

1. e4 c5 2. Nf3 e6 3. d4 cxd4 4. Nxd4 a6 5. c4 Ne7 6. Nc3 Nbc6 7. Be3 Ng6 8. Be2 Qc7 9. Qd2 Be7 10. a3 O-O 11. b4 d6 12. O-O Bd7 13. Rfc1 Nxd4 14. Bxd4 Rac8 15. Be3 Qb8 16. Rd1 Rfd8 17. Rac1 b5 18. cxb5 axb5 19. Qe1 Ne5 20. Bf4 Nc4 21. Bxc4 Rxc4 22. Rd3 Rdc8 23. Rcd1 e5 24. Nd5 Bf8 25. Be3 Rxe4 26. Qd2 Be6 27. f3 Rec4 28. Qe2 Rc2 29. R3d2 Rxd2 30. Rxd2 Qb7 31. Nb6 Rc1+ 32. Kf2 Rc6 33. Qxb5 d5 34. Bc5 Bxc5+ 35. bxc5 Qc7 36. Nxd5 Bxd5 37. Rxd5 g6 38. a4 e4 39. a5 Re6 40. Rd6 Re5 41. Qb6 Qe7 42. f4 Qh4+ 43. Ke2 Qxf4 44. Qb8+ Kg7 45. Rd8 e3 46. Rg8+ Kh6 47. Qf8+ Kh5 48. g4+ Qxg4+ 49. Kd3 Rd5+ 50. Kc3 Qd4+ 51. Kb3 Qd3+ 52. Kb4 Rd4# 0-1


[Site "https://www.chess.com"]

[Event "Titled Tuesday Blitz February 22 Late 2022"]
[White "Wieczorek, Oskar"]
[Black "Van den Dikkenberg, Erik"]
[WhiteFideId "1133950"]
[BlackFideId "1005880"]
[WhiteElo "2319"]
[BlackElo "2118"]
[Result "1-0"]
[Round "04"]
[TimeControl "180+1"]
[Date "2022.02.23"]
[WhiteClock "0:01:47"]
[BlackClock "0:00:56"]

1. e4 c5 2. Nf3 d6 3. d4 cxd4 4. Nxd4 Nf6 5. Nc3 a6 6. h4 e5 7. Nb3 Be6 8. f4 exf4 9. Bxf4 Nc6 10. Qd2 Be7 11. O-O-O O-O 12. Bxd6 Bxd6 13. Qxd6 Qb6 14. Qc5 Qc7 15. Nd5 Bxd5 16. exd5 Qf4+ 17. Kb1 Rad8 18. Bxa6 Ne4 19. Qb6 Ne5 20. Rhf1 Rxd5 21. Rxd5 1-0


[Site "https://www.chess.com"]

[Event "Titled Tuesday Blitz February 22 Late 2022"]
[White "Xiong, Jeffery"]
[Black "Pultinevicius, Paulius"]
[WhiteFideId "2047640"]
[BlackFideId "12809390"]
[WhiteElo "2727"]
[BlackElo "2413"]
[Result "0-1"]
[Round "04"]
[TimeControl "180+1"]
[Date "2022.02.22"]
[WhiteClock "0:00:25"]
[BlackClock "0:00:17"]

1. d4 Nf6 2. c4 g6 3. Nc3 d5 4. cxd5 Nxd5 5. e4 Nxc3 6. bxc3 Bg7 7. Nf3 c5 8. Rb1 cxd4 9. cxd4 O-O 10. Be2 Qa5+ 11. Bd2 Qxa2 12. O-O Bg4 13. Bg5 h6 14. Bh4 a5 15. Rxb7 Nc6 16. d5 Ne5 17. Bxe7 Rfe8 18. d6 a4 19. Re1 a3 20. Nxe5 Bxe2 21. Rxe2 Qxe2 22. Qxe2 a2 23. Qxa2 Rxa2 24. f4 Rc8 25. Nd3 Bd4+ 26. Kf1 Rcc2 27. Bh4 Rxg2 28. Bf2 Rgxf2+ 29. Nxf2 Rxf2+ 30. Ke1 Rxf4 0-1


[Site "https://www.chess.com"]

[Event "Titled Tuesday Blitz February 22 Late 2022"]
[White "Yang, Kaiqi"]
[Black "Shirov, Alexei"]
[WhiteFideId "8604398"]
[BlackFideId "2209390"]
[WhiteElo "2373"]
[BlackElo "2645"]
[Result "1/2-1/2"]
[Round "04"]
[TimeControl "180+1"]
[Date "2022.02.23"]
[WhiteClock "0:00:06"]
[BlackClock "0:00:29"]

1. c4 c6 2. d4 d5 3. Nc3 Nf6 4. cxd5 cxd5 5. Bf4 Nc6 6. e3 Bg4 7. Qb3 Na5 8. Qa4+ Bd7 9. Qc2 Rc8 10. Bd3 b5 11. a3 e6 12. Nf3 Nc4 13. O-O a5 14. Qe2 b4 15. axb4 axb4 16. Na4 Be7 17. Ne5 Nxe5 18. Bxe5 O-O 19. b3 Ne4 20. Bxe4 dxe4 21. h3 f6 22. Bg3 Bc6 23. Nc5 Bd5 24. Ra4 Bxc5 25. dxc5 Rxc5 26. Rxb4 Qe7 27. Rb6 Rc6 28. Rxc6 Bxc6 29. Rb1 Qb7 30. b4 Qb5 31. Qxb5 Bxb5 32. Rc1 e5 33. Rc5 Bd3 34. f4 exf3 35. gxf3 Ra8 36. Rc3 Ra1+ 37. Kf2 Ra2+ 38. Kg1 Be2 39. f4 e4 40. Rb3 Bb5 41. Bf2 h5 42. Kg2 Kf7 43. h4 Ke6 44. Kg3 Rd2 45. Rc3 Rb2 46. Rc5 Rxb4 47. Rc7 g6 48. Rg7 Kf5 49. Rc7 Rb1 50. Rc5+ Ke6 51. Rc7 Be2 52. Rc5 Bg4 53. Rc7 Rh1 54. Rc6+ Ke7 55. Rc7+ Kd6 56. Ra7 Rh3+ 57. Kg2 Rf3 58. Ra6+ Ke7 59. Ra7+ Ke8 60. Ra8+ Kd7 61. Ra7+ Kc8 62. Ra8+ Kb7 63. Rf8 Bh3+ 64. Kg1 Bf5 65. Rxf6 Kc7 66. Rf7+ Kd6 67. Ra7 Kc5 68. Ra5+ Kc4 69. Ra3 Kb4 70. Ra2 Kc3 71. Re2 Kd3 72. Ra2 Rh3 73. Kg2 Rf3 74. Ra3+ Kc2 75. Ra2+ Kb3 76. Ra1 Bh3+ 77. Kg1 Be6 78. Ra6 Bf5 79. Rd6 Kc2 80. Rd8 Rh3 81. Kg2 Bg4 82. Rd6 Bf5 83. Rxg6 Bxg6 84. Kxh3 Bf5+ 85. Kg2 Kd3 86. Kf1 Kd2 87. Kg2 Ke2 88. Bg1 Bg4 89. Bf2 Bf3+ 90. Kg3 Kf1 91. f5 Bg4 92. f6 Be6 93. Kf4 Kxf2 94. Kxe4 Kg3 95. Ke5 Ba2 96. e4 Kxh4 97. Kf5 Kg3 98. e5 h4 99. e6 h3 100. f7 h2 101. f8=Q h1=Q 102. Qg7+ Kh2 103. Qb2+ Qg2 104. Qxg2+ Kxg2 105. e7 Bf7 106. Kf6 Be8 107. Kg7 Bd7 108. Kf8 Bc6 109. e8=Q Bxe8 1/2-1/2


[Site "https://www.chess.com"]

[Event "Titled Tuesday Blitz February 22 Late 2022"]
[White "Yordanov, Nikolay Plamenov"]
[Black "Weetik, Vjacheslav"]
[WhiteFideId "2907445"]
[BlackFideId "4153472"]
[WhiteElo "2248"]
[BlackElo "2469"]
[Result "1-0"]
[Round "04"]
[TimeControl "180+1"]
[Date "2022.02.23"]
[WhiteClock "0:00:12"]
[BlackClock "0:00:07"]

1. d4 d5 2. Bf4 Nf6 3. e3 c5 4. c3 Nc6 5. Bd3 Qb6 6. b3 Bg4 7. Nf3 Nh5 8. Be5 f6 9. h3 Bxf3 10. Qxf3 g6 11. Bh2 O-O-O 12. O-O e5 13. dxc5 Bxc5 14. b4 Bd6 15. Qe2 e4 16. Bb5 Bxh2+ 17. Kxh2 Ne5 18. a4 f5 19. a5 Qc7 20. Kg1 f4 21. a6 b6 22. exf4 Nxf4 23. Qe3 Rhf8 24. Na3 Nf3+ 25. gxf3 Nxh3+ 26. Kh1 Rxf3 27. Qh6 Nxf2+ 28. Rxf2 Rxf2 29. Bf1 Qg3 30. Qh3+ Qxh3+ 31. Bxh3+ Kb8 32. Nb5 e3 33. Nd4 Re8 34. Re1 Re4 35. Nc6+ Kc7 36. Nxa7 Kb8 37. Nb5 Rb2 38. a7+ Kb7 39. Bd7 Ra2 40. Nd6+ Kc7 41. Nxe4 Kxd7 42. Ng5 e2 43. Nf3 Rxa7 44. Rxe2 Ra3 45. Re3 Kd6 46. Kg2 h6 47. Nd4 Kd7 48. Rf3 g5 49. Kg3 Ra1 50. Kg4 Rg1+ 51. Kh5 g4 52. Rf7+ Kd6 53. Rf6+ Ke5 54. Re6+ Kf4 55. Ne2+ Kf5 56. Nxg1 Kxe6 57. Kxg4 d4 58. cxd4 Kd5 59. Nf3 Kc4 60. Kf5 h5 61. Ke5 Kxb4 62. d5 Kc5 63. d6 Kc6 64. Ke6 1-0


[Site "https://www.chess.com"]

[Event "Titled Tuesday Blitz February 22 Late 2022"]
[White "Zeynalli, Rashad"]
[Black "Schut, Han"]
[WhiteFideId "13403320"]
[BlackFideId "1005561"]
[WhiteElo "2125"]
[BlackElo "2057"]
[Result "1/2-1/2"]
[Round "04"]
[TimeControl "180+1"]
[Date "2022.02.23"]
[WhiteClock "0:00:16"]
[BlackClock "0:00:14"]

1. e4 c5 2. Nf3 d6 3. d4 cxd4 4. Nxd4 Nf6 5. Nc3 g6 6. Be3 Bg7 7. f3 O-O 8. Bc4 Nc6 9. Qd2 Bd7 10. Bb3 Rc8 11. O-O-O Nxd4 12. Bxd4 b5 13. Nd5 Nxd5 14. Bxg7 Kxg7 15. exd5 a5 16. a3 Kg8 17. h4 b4 18. axb4 axb4 19. Qxb4 Qc7 20. h5 Bf5 21. Rd2 Ra8 22. Ba4 Rfb8 23. Qh4 Qa5 24. b3 Qc3 25. Qd4 Qa5 26. g4 Rb4 27. Qb2 Rxa4 28. bxa4 Qxa4 29. Re1 Qa1+ 30. Qxa1 Rxa1+ 31. Kb2 Rxe1 32. gxf5 gxf5 33. Rg2+ Kf8 34. Rg5 Re5 35. h6 Rxd5 36. Rg7 e6 37. Rxh7 f4 38. Rh8+ Ke7 39. Kc3 Rh5 40. Kd4 d5 41. c4 dxc4 42. Kxc4 Kf6 43. Kd4 Kg6 44. Ke4 Rxh6 45. Rg8+ Kf6 46. Ra8 Rh4 47. Ra6 Kg5 48. Ra5+ Kg6 49. Ra6 Kf6 50. Rb6 Rh5 51. Kxf4 Rf5+ 52. Ke4 Re5+ 53. Kf4 Rf5+ 54. Ke4 Re5+ 55. Kf4 Rf5+ 1/2-1/2


[Site "https://www.chess.com"]

[Event "Titled Tuesday Blitz February 22 Late 2022"]
[White "Zlatin, Alexander"]
[Black "Aradhya, Garg"]
[WhiteFideId "2810549"]
[BlackFideId "25006746"]
[WhiteElo "2228"]
[BlackElo "2169"]
[Result "1/2-1/2"]
[Round "04"]
[TimeControl "180+1"]
[Date "2022.02.23"]
[WhiteClock "0:01:10"]
[BlackClock "0:01:44"]

1. e4 e5 2. Nf3 Nc6 3. Bc4 Nf6 4. Nc3 Nxe4 5. Nxe4 d5 6. Bd3 dxe4 7. Bxe4 Bd6 8. O-O O-O 9. d3 Bg4 10. Re1 Qd7 11. h3 Bxf3 12. Qxf3 Nd4 13. Qd1 c6 14. c3 Ne6 15. Bf5 Rfe8 16. Qb3 g6 17. Bxe6 Rxe6 18. Be3 b6 19. d4 exd4 20. Bxd4 Rae8 21. Rxe6 Qxe6 22. Qxe6 Rxe6 23. Kf1 f5 24. Re1 Kf7 25. Rxe6 Kxe6 26. Ke2 Kd5 27. Kd3 c5 28. c4+ Ke6 29. Bc3 Be5 30. g3 f4 31. g4 Bxc3 32. Kxc3 Ke5 33. f3 h5 34. gxh5 gxh5 35. h4 Kf5 36. Kd3 Ke5 37. Kc3 Kf5 38. Kd3 Ke5 39. Kc3 1/2-1/2


[Site "https://www.chess.com"]

[Event "Titled Tuesday Blitz February 22 Late 2022"]
[White "Zong, Davis"]
[Black "Hjartarson, Johann"]
[WhiteFideId "30903955"]
[BlackFideId "2300044"]
[WhiteElo "2061"]
[BlackElo "2484"]
[Result "0-1"]
[Round "04"]
[TimeControl "180+1"]
[Date "2022.02.23"]
[WhiteClock "0:00:03"]
[BlackClock "0:00:26"]

1. e4 g6 2. d4 Bg7 3. Nc3 d6 4. Be3 a6 5. Qd2 b5 6. a3 Nd7 7. O-O-O Bb7 8. h4 Ngf6 9. f3 h6 10. Nge2 Nb6 11. Nf4 Nfd7 12. g4 c5 13. Rg1 cxd4 14. Bxd4 Bxd4 15. Qxd4 e5 16. Qxd6 exf4 17. Nxb5 axb5 18. Bxb5 Rh7 19. e5 Ra5 20. e6 fxe6 21. Qxe6+ Kf8 22. Qxg6 Rxb5 23. Qxh7 Qf6 24. c3 Rd5 25. Rxd5 Bxd5 26. g5 hxg5 27. hxg5 Qg7 28. Qf5+ Qf7 29. Qd3 Kg8 30. g6 Qe6 31. Qd4 Qe5 32. Qxe5 Nxe5 33. Rg5 Nbd7 34. Rf5 Be6 35. Rxf4 Nd3+ 36. Kd2 Nxf4 37. Ke3 Nxg6 38. a4 Kf7 39. Kd4 Ke7 40. a5 Nge5 41. a6 Kd6 42. f4 Nc6+ 43. Ke3 Bc4 44. a7 Nxa7 45. Kd4 Be6 46. c4 Nc6+ 47. Kc3 Kc5 48. b4+ Nxb4 0-1


[Site "https://www.chess.com"]

[Event "Titled Tuesday Blitz February 22 Late 2022"]
[White "Abdrlauf, Elham"]
[Black "Gledura, Benjamin"]
[WhiteFideId "1533533"]
[BlackFideId "712779"]
[WhiteElo "2334"]
[BlackElo "2326"]
[Result "1-0"]
[Round "05"]
[TimeControl "180+1"]
[Date "2022.02.22"]
[WhiteClock "0:00:04"]
[BlackClock "0:00:05"]

1. e4 c5 2. Nf3 a6 3. c3 g6 4. d4 cxd4 5. cxd4 d5 6. exd5 Nf6 7. Nc3 Nxd5 8. Bc4 Nb6 9. Bb3 Bg7 10. Be3 O-O 11. O-O Nc6 12. d5 Na5 13. Bd4 Nxb3 14. axb3 Qd6 15. Re1 Rd8 16. Bxg7 Kxg7 17. Qd4+ Qf6 18. Qc5 Qd6 19. Qd4+ Qf6 20. Qc5 Bf5 21. Qxe7 Nxd5 22. Nxd5 Rxd5 23. Qxb7 Rad8 24. Qxa6 Qxb2 25. Qa2 Qxa2 26. Rxa2 Rb8 27. Rb2 Rb4 28. h3 Rdb5 29. Re3 Be6 30. Nd2 Bd5 31. Rd3 h5 32. Kh2 h4 33. Re3 Be6 34. Nf3 g5 35. Rd3 Kf6 36. Nd4 Rb6 37. Rf3+ Ke5 38. Nxe6 Kxe6 39. Re2+ Kd5 40. Rxf7 Kd4 41. Rf5 Kd3 42. Re3+ Kd2 43. Rxg5 Rf4 44. Rd5+ Kc2 45. Rf3 Re4 46. Rc5+ Kb2 47. Rcf5 Re1 48. R5f4 Rh6 49. b4 Kc2 50. b5 Rb1 51. Rf6 Rh5 52. b6 Rd5 53. R6f4 Rh5 54. Re3 Rxb6 55. Ree4 Kd2 56. Rxh4 Rf5 57. Rhf4 Rc5 58. g4 Rb3 59. Kg2 Rcc3 60. Re3 Rxe3 61. fxe3 Kxe3 62. Rf3+ 1-0


[Site "https://www.chess.com"]

[Event "Titled Tuesday Blitz February 22 Late 2022"]
[White "Aigner, Michael"]
[Black "Kohler, Aran"]
[WhiteFideId "2017288"]
[BlackFideId "1002856"]
[WhiteElo "2405"]
[BlackElo "2250"]
[Result "1-0"]
[Round "05"]
[TimeControl "180+1"]
[Date "2022.02.23"]
[WhiteClock "0:00:48"]
[BlackClock "0:00:08"]

1. e4 c6 2. Nc3 d5 3. d4 dxe4 4. Nxe4 Bf5 5. Ng3 Bg6 6. h4 h6 7. Nf3 Nd7 8. h5 Bh7 9. Bd3 Ngf6 10. Bxh7 Nxh7 11. Bd2 e6 12. Qe2 a5 13. O-O-O Be7 14. Ne5 Nxe5 15. dxe5 Qc7 16. f4 O-O 17. Ne4 Rad8 18. Be3 Rd5 19. c4 Rxd1+ 20. Rxd1 Rd8 21. g4 Rxd1+ 22. Qxd1 f5 23. gxf5 exf5 24. Nc5 Nf8 25. Qd3 Bxc5 26. Bxc5 Qd7 27. Kc2 Qxd3+ 28. Kxd3 Ne6 29. Be3 Kf7 30. b3 g6 31. hxg6+ Kxg6 32. Ke2 h5 33. Kf3 h4 34. Bd2 Nd4+ 35. Kg2 b6 36. Be3 c5 37. Kh3 Nc2 38. Bf2 Kf7 39. Kxh4 Ke6 40. Kg3 Nb4 41. a4 Nd3 42. Be3 Ne1 43. Kf2 Nc2 44. Ke2 Na1 45. Kd2 Nxb3+ 46. Kc3 Nd4 47. Bxd4 cxd4+ 48. Kxd4 Kd7 49. Kd5 Ke7 50. e6 Ke8 51. Ke5 Kd8 52. Kxf5 Ke7 53. Ke5 Ke8 54. f5 Ke7 55. f6+ Ke8 56. Kd5 Kd8 57. Kc6 b5 58. Kxb5 Ke8 59. Kxa5 Kf8 60. Kb6 Ke8 61. Kc7 Kf8 62. a5 Ke8 63. a6 Kf8 64. a7 Ke8 65. c5 Kf8 66. c6 Ke8 67. Kd6 Kf8 68. c7 Ke8 69. a8=Q# 1-0


[Site "https://www.chess.com"]

[Event "Titled Tuesday Blitz February 22 Late 2022"]
[White "Al Hosani, Omran"]
[Black "Shirov, Alexei"]
[WhiteFideId "9308733"]
[BlackFideId "2209390"]
[WhiteElo "2246"]
[BlackElo "2645"]
[Result "0-1"]
[Round "05"]
[TimeControl "180+1"]
[Date "2022.02.23"]
[WhiteClock "0:00:02"]
[BlackClock "0:01:29"]

1. d4 d5 2. c4 c6 3. Nc3 Nf6 4. Nf3 e6 5. e3 Nbd7 6. Bd3 Bd6 7. O-O dxc4 8. Bxc4 b5 9. Bd3 a6 10. e4 e5 11. Bg5 h6 12. Bh4 Qe7 13. Bg3 Bb7 14. Re1 O-O 15. Qd2 Rad8 16. Nh4 Bb8 17. Nf5 Qe6 18. Ne2 Rfe8 19. Bc2 Nb6 20. b3 exd4 21. Nexd4 Bxg3 22. hxg3 c5 23. Nxe6 Rxd2 24. Nxc5 Rxc2 25. Nxb7 Rxe4 26. Rec1 Ree2 27. Rxc2 Rxc2 28. Nbd6 Nbd5 29. a3 Ng4 30. Ne4 Re2 31. Nc5 Rxf2 32. Rf1 Ra2 33. Nd6 Nde3 34. Rxf7 Ra1+ 0-1


[Site "https://www.chess.com"]

[Event "Titled Tuesday Blitz February 22 Late 2022"]
[White "Aldokhin, Ivan"]
[Black "Golubka, Petro"]
[WhiteFideId "24115720"]
[BlackFideId "14114224"]
[WhiteElo "2231"]
[BlackElo "2392"]
[Result "0-1"]
[Round "05"]
[TimeControl "180+1"]
[Date "2022.02.23"]
[WhiteClock "0:00:01"]
[BlackClock "0:00:20"]

1. e4 e5 2. Nf3 Nc6 3. Bb5 Nf6 4. O-O Nxe4 5. Re1 Nd6 6. Bxc6 dxc6 7. Nxe5 Be7 8. b3 O-O 9. Bb2 f6 10. Nf3 Re8 11. d3 Bg4 12. Nbd2 Nf7 13. h3 Bh5 14. Ne4 c5 15. Ng3 Bg6 16. Nh4 Qd7 17. Qf3 b6 18. Nhf5 Bf8 19. h4 h5 20. a4 a5 21. Re4 Nd6 22. Rxe8 Qxe8 23. Bc3 Nxf5 24. Nxf5 Rd8 25. Re1 Qd7 26. Ng3 Qg4 27. Qxg4 hxg4 28. h5 Bf7 29. Bd2 Bd6 30. Nf5 Be5 31. Ne7+ Kf8 32. Nc6 Re8 33. Nxe5 fxe5 34. h6 gxh6 35. Bxh6+ Kg8 36. Re4 Bh5 37. Kh2 Kf7 38. Kg3 Kf6 39. Bd2 Kf5 40. Bc3 Re7 41. Re3 Be8 42. Re4 Bc6 43. Re1 e4 44. d4 c4 45. bxc4 Bxa4 46. c5 Bxc2 47. cxb6 cxb6 48. Rc1 Bb3 49. Rh1 Rc7 50. Bd2 a4 51. Rh5+ Kg6 52. Rh6+ Kf5 53. Rxb6 Rc2 54. Be3 Rc3 55. Rb5+ Ke6 56. Re5+ Kd6 57. Ra5 Kc6 58. Kxg4 Kb6 59. Ra8 Kb7 60. Ra5 Kb6 61. Ra8 Rc7 62. d5+ Kb5 63. Rb8+ Kc4 64. d6 Rd7 65. Rb6 a3 66. Ra6 a2 67. Bf4 Kb5 68. Ra3 Kb4 69. Ra8 Ba4 70. Be5 Kb3 71. Rb8+ Kc4 72. Rb6 Kd5 73. Ba1 Kc5 74. Ra6 Kb5 75. Ra8 Rxd6 76. Kf4 Rd1 77. Be5 Kb4 78. Rb8+ Bb5 79. Ra8 Bc4 80. Rb8+ Kc5 81. Rc8+ Kb5 82. Rb8+ Ka6 83. Ra8+ Kb7 84. Ra4 Bd5 85. Rd4 a1=Q 86. Rb4+ Kc6 87. Bxa1 Rxa1 88. Rd4 Rg1 89. Ke5 Rxg2 90. Rd2 Rg5+ 91. Kd4 Kd6 0-1


[Site "https://www.chess.com"]

[Event "Titled Tuesday Blitz February 22 Late 2022"]
[White "Ansh M Shah"]
[Black "Brunner, Nicolas"]
[WhiteFideId "25033379"]
[BlackFideId "620246"]
[WhiteElo "1819"]
[BlackElo "2372"]
[Result "1-0"]
[Round "05"]
[TimeControl "180+1"]
[Date "2022.02.23"]
[WhiteClock "0:01:51"]
[BlackClock "0:01:14"]

1. d4 d5 2. c4 e6 3. g3 Nf6 4. Bg2 dxc4 5. Nf3 c5 6. O-O Nc6 7. dxc5 Qxd1 8. Rxd1 Bxc5 9. Nbd2 c3 10. bxc3 O-O 11. Nb3 Be7 12. Nfd4 Bd7 13. Nb5 Rfc8 14. Bb2 a6 15. Nd6 Bxd6 16. Rxd6 Rc7 17. Rad1 Ne5 18. Na5 Bc6 19. Nxc6 Nxc6 20. Bxc6 Rxc6 21. Rd8+ 1-0


[Site "https://www.chess.com"]

[Event "Titled Tuesday Blitz February 22 Late 2022"]
[White "Aradhya, Garg"]
[Black "Kovanova, Baira"]
[WhiteFideId "25006746"]
[BlackFideId "4164083"]
[WhiteElo "2169"]
[BlackElo "2190"]
[Result "1/2-1/2"]
[Round "05"]
[TimeControl "180+1"]
[Date "2022.02.23"]
[WhiteClock "0:00:35"]
[BlackClock "0:00:36"]

1. d4 Nf6 2. c4 e6 3. Nf3 b6 4. a3 Bb7 5. Nc3 Ne4 6. Nxe4 Bxe4 7. Bf4 Be7 8. e3 d6 9. Bd3 Bb7 10. O-O Nd7 11. e4 O-O 12. Qe2 h6 13. Rad1 c5 14. d5 e5 15. Be3 Bc8 16. Nd2 Nf6 17. h3 Bd7 18. b4 Nh7 19. Rb1 Bg5 20. Rb2 f5 21. exf5 Bxf5 22. Bxf5 Rxf5 23. Ne4 Qe7 24. bxc5 bxc5 25. Rfb1 Raf8 26. Rb7 Qd8 27. Rb8 Qd7 28. R1b7 Qa4 29. Nxd6 Rxb8 30. Rxb8+ Rf8 31. Rxf8+ Nxf8 32. Bxg5 hxg5 33. Qxe5 Qxa3 34. Qxg5 Qc3 35. Qe7 Qc1+ 36. Kh2 Qf4+ 37. Kg1 Qc1+ 38. Kh2 Qf4+ 39. Kh1 Qc1+ 40. Kh2 1/2-1/2


[Site "https://www.chess.com"]

[Event "Titled Tuesday Blitz February 22 Late 2022"]
[White "Araujo Filho, Luiz Antonio Coel"]
[Black "Cunha, Lucas Aguiar"]
[WhiteFideId "2130661"]
[BlackFideId "2125404"]
[WhiteElo "2221"]
[BlackElo "2361"]
[Result "0-1"]
[Round "05"]
[TimeControl "180+1"]
[Date "2022.02.23"]
[WhiteClock "0:00:54"]
[BlackClock "0:01:37"]

1. d4 Nf6 2. Nf3 c5 3. e3 b6 4. Bd3 Bb7 5. Nbd2 g6 6. O-O Bg7 7. Qe2 O-O 8. b3 a6 9. Bb2 d6 10. c4 cxd4 11. exd4 d5 12. Rad1 e6 13. Ne5 Nbd7 14. f4 dxc4 15. bxc4 Rc8 16. Ndf3 Nh5 17. g3 Ndf6 18. Qe3 Ne8 19. Ng5 Nd6 20. c5 Nf5 21. Bxf5 gxf5 22. Nexf7 Qd5 23. Kf2 Rxf7 24. Nxf7 Kxf7 25. cxb6 Rc2+ 26. Rd2 Rxb2 27. Rxb2 Bxd4 0-1


[Site "https://www.chess.com"]